 Dungeon Crawl Stone Soup version 0.21.1-1-g345015f (webtiles) character file.

1350 troglodite the Slasher (level 8, -1/62 HPs)
             Began as a Demonspawn Berserker on June 18, 2018.
             Was a Priest of Trog.
             Slain by an ogre
             ... wielding a +0 giant spiked club
              (11 damage)
             ... on level 5 of the Dungeon.
             The game lasted 00:09:51 (3639 turns).

troglodite the Slasher (Demonspawn Berserker)       Turns: 3639, Time: 00:09:52

Health: -1/62      AC:  8    Str: 18    XL:     8   Next: 36%
Magic:  0/8        EV: 13    Int:  8    God:    Trog [***...]
Gold:   178        SH:  0    Dex: 15    Spells: 7/7 levels left

rFire    . . .     SeeInvis .   a - +0 falchion
rCold    . . .     Gourm    .   (no shield)
rNeg     + . .     Faith    .   h - +0 ring mail
rPois    .         Spirit   +   (no helmet)
rElec    .         Reflect  .   (no cloak)
rCorr    .         Harm     .   (no gloves)
MR       .....                  (no boots)
Stlth    ++........             (no amulet)
HPRegen  0.20/turn              o - ring of positive energy
MPRegen  0.22/turn              p - ring of stealth

@: berserk cooldown
A: claws 1, iridescent scales 1, powered by death 1, magic shield, magic
regeneration
a: Berserk, Trog's Hand, Burn Spellbooks, Renounce Religion


You were on level 5 of the Dungeon.
You worshipped Trog.
Trog was most pleased with you.
You were very hungry.

You visited 1 branch of the dungeon, and saw 5 of its levels.

You collected 178 gold pieces.

Inventory:

Hand Weapons
 a - a +0 falchion (weapon)
Armour
 h - a +0 ring mail (worn)
Jewellery
 o - a ring of positive energy (left claw)
 p - a ring of stealth (right claw)
Wands
 q - a wand of polymorph (8)
 s - a wand of enslavement (12)
Scrolls
 b - 5 scrolls of identify
 d - 3 scrolls of amnesia
 e - 3 scrolls of teleportation
 g - 3 scrolls of remove curse
Potions
 i - 3 potions of brilliance
 j - a potion of flight
 l - 2 potions of might
Comestibles
 c - 5 rations


   Skills:
 * Level 5.3 Fighting
 + Level 5.7 Long Blades
 * Level 5.0 Armour
 * Level 4.7 Dodging
 + Level 0.6 Stealth
 + Level 1.0 Unarmed Combat


You had 7 spell levels left.
You didn't know any spells.

Dungeon Overview and Level Annotations

Branches:
Dungeon (5/15)
 Temple: D:4-7

Altars:
Qazlal
Sif Muna


Innate Abilities, Weirdness & Mutations

You have sharp fingernails.
You are partially covered in iridescent scales. (AC +2)
You regenerate a little health from kills.
When hurt, damage is shared between your health and your magic reserves.
You regenerate magic rapidly.


Message History

You hit the bullfrog but do no damage.
The ogre shouts!
The bullfrog hits you.
* * * LOW HITPOINT WARNING * * *
The bullfrog barely misses you.
You hit the bullfrog.
The bullfrog is lightly wounded.
The bullfrog completely misses you.
You riposte.
You hit the bullfrog.
The bullfrog is lightly wounded.
The phantom blinks!
You slash the bullfrog!
The bullfrog is severely wounded.
The bullfrog barely misses you. The bullfrog hits you.
* * * LOW HITPOINT WARNING * * *
You barely miss the bullfrog.
The bullfrog is severely wounded.
The bullfrog hits you.
* * * LOW HITPOINT WARNING * * *
The ogre hits you with a giant spiked club!!
You die...

......## ...W...####.)$.
...........##.#
......##...##.#####
......# #........#
......####...a....#
..................######
........................
....<.........WF@O......
#####..._..............!
#......###.###......
#......# #... ......
#...#### ##### ..?..
##### ..... .... ....


You could see a phantom, an ogre, a bullfrog and a worker ant.

Vanquished Creatures
  Pikel (D:4)
  Menkaure (D:5)
  2 ogres
  Blork the orc (D:4)
  2 scorpions (D:4)
  2 howler monkeys (D:4)
  A crimson imp (D:4)
  6 hounds
  An iguana (D:4)
  Ijyb (D:4)
  2 worker ants (D:4)
  A hound skeleton (D:4)
  3 adders
  2 worms
  4 leopard geckos
  6 orcs
  3 giant cockroaches
  8 goblins
  5 hobgoblins
  3 jackals (D:4)
  10 bats
  5 frilled lizards
  3 kobolds
  4 rats
77 creatures vanquished.

Notes
Turn   | Place    | Note
-------+----------+-------------------------------------------
     0 | D:1      | troglodite the Demonspawn Berserker began the quest for the Orb.
     0 | D:1      | Reached XP level 1. HP: 18/18 MP: 1/1
   278 | D:1      | Gained mutation: You have sharp fingernails. [demonic ancestry]
   278 | D:1      | Reached XP level 2. HP: 10/24 MP: 2/2
  1448 | D:2      | Gained mutation: When hurt, damage is shared between your health and your magic reserves. [demonic ancestry]
  1448 | D:2      | Reached XP level 3. HP: 29/29 MP: 3/3
  1495 | D:2      | Found a deep blue altar of Sif Muna.
  1794 | D:2      | Reached ** piety under Trog
  2247 | D:3      | Gained mutation: You are partially covered in iridescent scales. (AC +2) [demonic ancestry]
  2247 | D:3      | Reached XP level 4. HP: 33/36 MP: 4/4
  2548 | D:4      | Noticed Blork the orc
  2561 | D:4      | Killed Blork the orc
  2561 | D:4      | Reached XP level 5. HP: 42/42 MP: 5/5
  2621 | D:4      | Noticed Ijyb
  2626 | D:4      | Gained mutation: You regenerate magic rapidly. [demonic ancestry]
  2626 | D:4      | Reached XP level 6. HP: 48/48 MP: 6/6
  2635 | D:4      | Killed Ijyb
  2996 | D:4      | Gained mutation: You regenerate a little health from kills. [demonic ancestry]
  2996 | D:4      | Reached XP level 7. HP: 54/54 MP: 7/7
  3014 | D:4      | Reached *** piety under Trog
  3063 | D:4      | Noticed Pikel
  3075 | D:4      | Killed Pikel
  3075 | D:4      | Reached skill level 5 in Long Blades
  3075 | D:4      | Reached skill level 1 in Unarmed Combat
  3075 | D:4      | Reached XP level 8. HP: 57/61 MP: 5/8
  3231 | D:4      | Reached skill level 5 in Fighting
  3517 | D:5      | Entered Level 5 of the Dungeon
  3585 | D:5      | Noticed Menkaure
  3592 | D:5      | Killed Menkaure
  3592 | D:5      | Reached skill level 5 in Armour
  3605 | D:5      | HP: 3/62 [phantom (2)]
  3606 | D:5      | HP: 1/62 [phantom (2)]
  3619 | D:5      | Found a stormy altar of Qazlal.
  3639 | D:5      | Slain by an ogre

Skill      XL: |  1  2  3  4  5  6  7  8 |
---------------+-------------------------+-----
Dodging        | 2 3 4 |  4.7
Long Blades    | 3 4 5 |  5.7
Armour         | 2 3 4 5 |  5.0
Fighting       | 4 5 |  5.3
Unarmed Combat | 1 |  1.0
Stealth        | |  0.6

Action                   |  1- 3 |  4- 6 |  7- 9 || total
-------------------------+-------+-------+-------++-------
Melee: Falchion          |   121 |   116 |    70 ||   307
       Unarmed           |       |    13 |       ||    13
Invok: Berserk           |     1 |     4 |     4 ||     9
  Use: Potion            |       |       |     6 ||     6
       Scroll            |       |       |     4 ||     4
  Eat: Chunk             |     5 |     6 |     5 ||    16
Armor: Ring mail         |    60 |    48 |    19 ||   127
       Skin              |       |     4 |       ||     4
Dodge: Dodged            |    91 |   114 |    59 ||   264
       Rpst.: Falchion   |    31 |    34 |    19 ||    84
